Map: [ESL] Inside and Out

Players

Future - Winner!

  • Race: Terran Terran
  • Spawn Location: 7:00

PureLegacy

  • Race: Terran Terran
  • Spawn Location: 1:00

Event: DreamHack SC2 Masters 2022 Atlanta (Online)

VOD

Have the link to the VOD?

Description

Time

  • Played on: Oct. 5, 2022, 5:44 p.m.
  • Length: 6:20

All games in this series

Show
View Real Time Build Order
Export as new Build Order

Future Terran - Winner!

Build Orders:  

Get SALT Encoding   

  12  0:00  SCV  
  13  0:12  SCV  
  14  0:17  Supply Depot  
  14  0:24  SCV  
  15  0:38  SCV  
  15  0:40  Barracks  
  16  0:44  Refinery  
  16  0:50  SCV  
  16  0:52  Refinery  
  17  1:03  SCV  
  18  1:15  SCV  
  19  1:27  Reaper, Orbital Command  
  19  1:28  Supply Depot  
  20  1:42  Factory  
  20  1:52  SCV  
  21  1:59  Reaper  
  22  2:04  SCV  
  23  2:15  Command Center  
  23  2:17  SCV  
  24  2:28  Hellion  
  24  2:29  SCV  
  27  2:32  Reaper  
  27  2:36  Supply Depot  
  28  2:41  SCV  
  29  2:50  Hellion  
  31  2:58  SCV, Starport  
  32  3:05  Barracks Reactor  
  32  3:10  SCV  
  33  3:16  Factory Tech Lab  
  33  3:22  SCV  
  34  3:27  Orbital Command  
  34  3:28  Refinery  
  35  3:34  SCV  
  35  3:43  Cyclone, Marine  
  35  3:46  SCV  
  35  3:55  SCV  
  36  3:57  Marine  
  36  3:58  SCV  
  36  4:01  Marine  
  36  4:02  Viking  
  39  4:05  Supply Depot  
  39  4:07  SCV  
  40  4:10  SCV  
  40  4:15  Siege Tank, Marine  
  45  4:19  SCV, Marine  
  45  4:22  SCV  
  48  4:27  Supply Depot  
  49  4:31  SCV  
  49  4:34  SCV  
  50  4:43  SCV  
  50  4:45  Viking x2  
  55  4:46  SCV  
  55  4:47  Siege Tank  
  55  4:49  Supply Depot  
  55  4:52  Supply Depot  
  59  4:55  SCV  
  59  4:56  Marine  
  59  4:58  SCV  
  62  5:08  SCV  
  62  5:11  SCV  
  64  5:14  Viking  
  64  5:15  Supply Depot, Viking  
  64  5:17  Barracks Tech Lab  
  64  5:19  Siege Tank  
  64  5:20  SCV  
  72  5:23  SCV  
  72  5:25  Supply Depot  
  73  5:32  SCV  
  73  5:35  SCV  
  75  5:39  Command Center  
  75  5:47  SCV x2  
  85  5:59  SCV x2  
  85  6:00  Marine  
  88  6:05  Refinery  
  88  6:06  Supply Depot  
Show
View Real Time Build Order
Export as new Build Order

PureLegacy Terran 

Build Orders:  

Get SALT Encoding   

  12  0:00  SCV  
  13  0:12  SCV  
  14  0:17  Supply Depot  
  14  0:24  SCV  
  15  0:38  SCV  
  15  0:40  Barracks  
  16  0:43  Refinery  
  16  0:50  SCV  
  16  0:52  Refinery  
  17  1:03  SCV  
  18  1:15  SCV  
  19  1:27  Reaper, Orbital Command  
  19  1:28  Supply Depot  
  20  1:42  Factory  
  20  1:52  SCV  
  21  1:59  Reaper  
  22  2:05  SCV  
  23  2:15  Command Center  
  23  2:18  SCV  
  24  2:30  SCV  
  24  2:31  Barracks Reactor, Hellion  
  24  2:34  Supply Depot  
  27  2:42  SCV  
  28  2:45  Starport  
  28  2:53  Factory Tech Lab  
  28  2:54  SCV  
  28  3:06  SCV  
  28  3:10  Marine x2  
  31  3:16  Siege Tank  
  31  3:18  SCV  
  34  3:28  Marine x2  
  34  3:30  SCV, Medivac  
  34  3:31  Refinery  
  37  3:42  Orbital Command  
  37  3:46  Marine x2  
  37  3:52  SCV  
  37  3:58  Siege Tank  
  40  4:04  Marine x2  
  40  4:08  SCV x2  
  40  4:09  Supply Depot  
  44  4:17  Starport Tech Lab  
  44  4:20  SCV x2  
  44  4:22  Marine x2  
  48  4:32  SCV x2, Siege Tank  
  53  4:41  Supply Depot  
  53  4:44  SCV x2  
  55  4:47  Raven  
  55  4:56  SCV x2  
  50  5:04  Supply Depot  
  50  5:08  SCV  
  50  5:09  Command Center  
  50  5:11  Siege Tank  
  50  5:13  SCV  
  55  5:17  Refinery  
  55  5:20  SCV  
  56  5:25  SCV  
  56  5:26  Supply Depot  
  56  5:32  SCV  
  56  5:37  SCV  
  57  5:42  Viking  
  57  5:43  Siege Tank  
  57  5:44  Viking, SCV  
  57  5:49  SCV  
  66  5:51  Factory  
  66  5:52  Supply Depot  
  66  5:56  SCV  
  67  6:01  SCV  
Tags
 
Add a new tag
Caveats
  • Supply blocks, unpowered buildings, or Contaminate may cause inaccurate times.
  • Supply counts are checked every 10 seconds.